 Dungeon Crawl Stone Soup version 0.29-a0-1027-gcd8c55af63 (webtiles) character file.

Game seed: 13588876161564636303

601288 Mesmaeker13 the Sensei (level 27, -13/213 HPs)
             Began as an Octopode Transmuter on Aug 11, 2022.
             Was an Elder of Ashenzari.
             Killed from afar by a quicksilver dragon (26 damage)
             ... with a bolt of dispelling energy
             ... on level 1 of the Realm of Zot on Aug 12, 2022.
             The game lasted 03:43:31 (76613 turns).

Mesmaeker13 the Sensei (Octopode Transmuter)       Turns: 76613, Time: 03:43:32

Health: -13/213    AC:  8    Str: 21    XL:     27
Magic:  41/42      EV: 27    Int: 27    God:    Ashenzari [****..]
Gold:   4941       SH:  0    Dex: 14    Spells: 9/57 levels left

rFire   + + .      SeeInvis +     - Unarmed
rCold   . . .      Faith    .   (no shield)
rNeg    . . .      Spirit   .   K - +2 hat of Apeoromancy {Comp, Melee} (curse)
rPois   +          Reflect  .   R - amulet of Vitality {RegenMP++ Regen++}
rElec   +          Harm     .   v - ring "Overhang to Understand" {rF+, Elem, Self} (curse)
rCorr   +          Rampage  .   e - ring of the Tethered Heavens {EV+4, Cun, Alch} (curse)
Will    +++..      Clarity  +   f - ring "Ruined Together" {Will+ rCorr Str+4 Int+3, Comp, Alch} (curse)
Stlth   +++.......              O - ring of the Mantic Affliction {AC+4, Elem, Alch} (curse)
HPRegen 2.05/turn               l - ring "Perceptive Gnosis" {Str+6 Stlth+, Comp, Bglg} (curse)
MPRegen 1.08/turn               L - ring of the Revealing Empyrean {rC+, Alch, Comp} (curse)
                                Q - ring of Desmomancy {EV+4, Cun, Melee} (curse)
                                T - ring of Lapiy {Fire +Blink rElec rPois}

@: slowed, very slow
A: almost no armour, amphibious, 8 rings, camouflage 1, gelatinous body 1,
(nimble swimmer 1), tentacles, shaggy fur 1, weak 1
}: 4/15 runes: serpentine, barnacled, slimy, silver
a: Renounce Religion, Evoke Blink, Curse Item, Shatter the Chains


You were on level 1 of the Realm of Zot.
You worshipped Ashenzari.
Ashenzari was greatly pleased with you.
You visited 12 branches of the dungeon, and saw 52 of its levels.
You visited the Abyss 1 time.
You also visited: Trove, Sewer and Ossuary.

You collected 8569 gold pieces.
You spent 3628 gold pieces at shops.

Inventory:

Missiles
 d - 7 throwing nets
 P - 7 curare-tipped darts (quivered)
Armour
 K - the cursed +2 hat of Apeoromancy (worn) {Comp, Melee}
   (You took it off Gastronok on level 2 of the Lair of Beasts)

   It has a curse which improves the following skills: Companions: Summonings
   and Necromancy.
   Melee Combat: Short Blades, Long Blades, Axes, Maces & Flails, Polearms,
   Staves and Unarmed Combat.
Jewellery
 e - the cursed ring of the Tethered Heavens (right tentacle) {EV+4, Cun, Alch}
   (You found it on level 9 of the Dungeon)

   [ring of evasion]

   EV:        It affects your evasion (+4).
   It has a curse which improves the following skills: Cunning: Dodging and
   Stealth.
   Alchemy:   Poison Magic and Transmutations.
 f - the cursed ring "Ruined Together" (on tentacle) {Will+ rCorr Str+4 Int+3, Comp, Alch}
   (You acquired it on level 9 of the Dungeon)

   [ring of resist corrosion]

   Str:       It affects your strength (+4).
   Int:       It affects your intelligence (+3).
   rCorr:     It protects you from acid and corrosion.
   Will:      It increases your willpower.
   It has a curse which improves the following skills: Companions: Summonings
   and Necromancy.
   Alchemy:   Poison Magic and Transmutations.
 l - the cursed ring "Perceptive Gnosis" (on tentacle) {Str+6 Stlth+, Comp, Bglg}
   (You found it in a treasure trove)

   [ring of strength]

   Str:       It affects your strength (+6).
   Stlth:     It makes you more stealthy.
   It has a curse which improves the following skills: Companions: Summonings
   and Necromancy.
   Beguiling: Conjurations, Hexes and Translocations.
 v - the cursed ring "Overhang to Understand" (left tentacle) {rF+, Elem, Self}
   (You found it on level 6 of the Dungeon)

   [ring of protection from fire]

   rF:        It protects you from fire.
   It has a curse which improves the following skills: Elements: Fire Magic, Ice
   Magic, Air Magic and Earth Magic.
   Introspection: Fighting and Spellcasting.
 x - a ring of protection from cold
 z - an amulet of the acrobat
 C - the amulet of the Four Winds {rN+ Will+++ Clar}
   (You found it on level 5 of the Lair of Beasts)

   [amulet of nothing]

   rN:        It protects you from negative energy.
   Clar:      It protects you against confusion.
   Will:      It greatly increases your willpower.
 D - a ring of willpower
 G - a +6 ring of intelligence
 L - the cursed ring of the Revealing Empyrean (on tentacle) {rC+, Alch, Comp}
   (You found it on level 1 of the Elven Halls)

   [ring of protection from cold]

   rC:        It protects you from cold.
   It has a curse which improves the following skills: Alchemy: Poison Magic and
   Transmutations.
   Companions: Summonings and Necromancy.
 M - an amulet of reflection
 O - the cursed ring of the Mantic Affliction (on tentacle) {AC+4, Elem, Alch}
   (You found it on level 4 of the Lair of Beasts)

   [ring of protection]

   AC:        It affects your AC (+4).
   It has a curse which improves the following skills: Elements: Fire Magic, Ice
   Magic, Air Magic and Earth Magic.
   Alchemy:   Poison Magic and Transmutations.
 Q - the cursed ring of Desmomancy (on tentacle) {EV+4, Cun, Melee}
   (You found it on level 2 of the Shoals)

   [ring of evasion]

   EV:        It affects your evasion (+4).
   It has a curse which improves the following skills: Cunning: Dodging and
   Stealth.
   Melee Combat: Short Blades, Long Blades, Axes, Maces & Flails, Polearms,
   Staves and Unarmed Combat.
 R - the amulet of Vitality (around mantle) {RegenMP++ Regen++}
   (You bought it in a shop on level 4 of the Vaults)

   [amulet of magic regeneration]

   It increases your rate of magic regeneration.
   Regen:     It increases your rate of health regeneration.
 T - the ring of Lapiy (on tentacle) {Fire +Blink rElec rPois}
   (You took it off a deep elf sorcerer on level 3 of the Elven Halls)

   [ring of fire]

   It enhances your fire magic.
   rF:        It protects you from fire.
   rC:        It makes you vulnerable to cold.
   rElec:     It insulates you from electricity.
   rPois:     It protects you from poison.
   +Blink:    It lets you blink.
 V - the ring "Foam" {Wiz rN+}
   (You took it off a guardian mummy on level 3 of the Crypt)

   [ring of wizardry]

   It improves your spell success rate.
   rN:        It protects you from negative energy.
Wands
 y - a wand of digging (16)
Scrolls
 h - a scroll of torment
 n - 7 scrolls of immolation
 o - 11 scrolls of magic mapping
 r - 12 scrolls of poison
 t - 4 scrolls of fear
 w - 21 scrolls of teleportation
 F - 9 scrolls of blinking
 N - 9 scrolls of butterflies
 S - 4 scrolls of silence
 W - a scroll of summoning
Potions
 a - 8 potions of lignification
 b - 10 potions of haste
 g - 28 potions of curing
 i - 8 potions of brilliance
 j - 8 potions of mutation
 k - 17 potions of heal wounds
 m - 17 potions of flight
 q - 8 potions of cancellation
 s - 4 potions of berserk rage
 u - 7 potions of resistance
 A - 4 potions of might
 B - 16 potions of attraction
 E - 6 potions of ambrosia
 J - 6 potions of magic
Miscellaneous
 p - a phantom mirror
 H - a tin of tremorstones (2/2)


   Skills:
 + Level 22.1(23.7) Fighting
 - Level 9.6(12.5) Dodging
 + Level 24.1(26.6) Unarmed Combat
 + Level 13.7(15.5) Spellcasting
 - Level 6.1(8.1) Hexes
 + Level 15.4(20.0) Summonings
 - Level 23.0(27) Transmutations
 - Level 10.1(13.1) Ice Magic
 - Level 12.2(15.1) Earth Magic
 - Level 6.1(10.7) Poison Magic


You had 9 spell levels left.
You knew the following spells:

 Your Spells              Type           Power      Damage    Failure   Level
a - Summon Cactus Giant   Summ           46%        N/A       1%          6
b - Wereblood             Tmut           100%       N/A       0%          2
c - Statue Form           Tmut/Erth      62%        N/A       1%          6
d - Ignite Poison         Fire/Tmut/Pois 94%        N/A       1%          3
e - Summon Horrible Thin  Summ           46%        N/A       4%          8
f - Eringya's Noxious Bo  Tmut/Pois      44%        N/A       1%          6
g - Dragon Form           Tmut           52%        N/A       1%          7
h - Irradiate             Conj/Tmut      38%        3d24      1%          5
i - Summon Mana Viper     Hex/Summ       77%        N/A       1%          5

Your spell library contained the following spells:

 Spells                   Type           Power      Damage    Failure   Level
 Beastly Appendage        Tmut           100%       N/A       0%          1
 Freeze                   Ice            100%       1d11      0%          1
 Summon Small Mammal      Summ           100%       N/A       0%          1
 Call Imp                 Summ           92%        N/A       0%          2
 Passwall                 Tmut/Erth      78%        N/A       0%          2
 Spider Form              Tmut/Pois      89%        N/A       0%          3
 Ice Form                 Ice/Tmut       92%        N/A       0%          4
 Petrify                  Tmut/Erth      94%        N/A       0%          4
 Blade Hands              Tmut           52%        N/A       0%          5
 Necrotise                Necr           96%        1d8       1%          1
 Slow                     Hex            100%       N/A       1%          1
 Ensorcelled Hibernation  Hex/Ice        100%       N/A       1%          2
 Poisonous Vapours        Pois/Air       100%       N/A       1%          2
 Dazzling Flash           Conj/Hex       86%        N/A       1%          3
 Frozen Ramparts          Ice            100%       1d16      1%          3
 Mephitic Cloud           Conj/Pois/Air  41%        N/A       1%          3
 Portal Projectile        Hex/Tloc       86%        N/A       1%          3
 Summon Guardian Golem    Hex/Summ       77%        N/A       1%          3
 Tukima's Dance           Hex            60%        N/A       1%          3
 Hailstorm                Conj/Ice       54%        3d12      1%          4
 Summon Ice Beast         Ice/Summ       84%        N/A       1%          4
 Summon Lightning Spire   Summ/Air       66%        N/A       1%          4
 Alistair's Intoxication  Tmut/Pois      59%        N/A       1%          5
 Metabolic Englaciation   Hex/Ice        34%        N/A       1%          5
 Summon Forest            Summ/Tloc      33%        N/A       1%          5
 Yara's Violent Unravell  Hex/Tmut       43%        3d17      1%          5
 Monstrous Menagerie      Summ           46%        N/A       1%          7
 Summon Hydra             Summ           46%        N/A       1%          7
 Apportation              Tloc           44%        N/A       2%          1
 Foxfire                  Conj/Fire      100%       2x1d9     2%          1
 Magic Dart               Conj           88%        1d7       2%          1
 Sublimation of Blood     Necr           24%        N/A       2%          2
 Borgnjor's Vile Clutch   Necr/Erth      29%        N/A       2%          5
 Scorch                   Fire           68%        2d8       3%          2
 Static Discharge         Conj/Air       22%        3-6/arc   3%          2
 Anguish                  Hex/Necr       22%        N/A       4%          4
 Corpse Rot               Necr/Pois/Air  42%        N/A       4%          4
 Fulminant Prism          Conj/Hex       21%        3d13      4%          4
 Conjure Flame            Conj/Fire      34%        6-21      6%          3
 Swiftness                Air            23%        N/A       6%          3
 Gell's Gravitas          Tloc           22%        N/A       7%          3
 Lesser Beckoning         Tloc           22%        N/A       7%          3
 Teleport Other           Tloc           22%        N/A       7%          3
 Storm Form               Tmut/Air       38%        N/A       8%          7
 Freezing Cloud           Conj/Ice/Air   22%        6-21      11%         5
 Silence                  Hex/Air        22%        N/A       12%         5
 Iron Shot                Conj/Erth      29%        9d6       16%         6
 Animate Dead             Necr           24%        N/A       19%         4
 Dispel Undead            Necr           24%        3d12      19%         4
 Flame Wave               Conj/Fire      34%        2d10      22%         4
 Iskenderun's Mystic Bla  Conj/Tloc      22%        2d6       22%         4
 Passage of Golubria      Tloc           22%        N/A       22%         4
 Sticky Flame             Conj/Fire      34%        2d5       22%         4
 Simulacrum               Ice/Necr       27%        N/A       22%         6
 Malign Gateway           Summ/Tloc      33%        N/A       32%         7
 Spellforged Servitor     Conj/Summ      33%        N/A       32%         7
 Fireball                 Conj/Fire      17%        3d9       52%         5
 Iskenderun's Battlesphe  Conj           22%        2d8       52%         5
 Lightning Bolt           Conj/Air       11%        1d24      52%         5
 Death Channel            Necr           12%        N/A       95%         6
 Conjure Ball Lightning   Conj/Air       11%        3x3d6     97%         6
 Starburst                Conj/Fire      17%        6d6       97%         6
 Dispersal                Tloc           11%        N/A       98%         6
 Discord                  Hex            30%        N/A       99%         8
 Orb of Destruction       Conj           11%        9d6       100%        7
 Disjunction              Tloc           11%        N/A       100%        8
 Ignition                 Fire           17%        3d7       100%        8
 Lehudib's Crystal Spear  Conj/Erth      29%        10d8      100%        8
 Maxwell's Capacitive Co  Air            11%        ∞         100%        8


Dungeon Overview and Level Annotations

Branches:
Dungeon (15/15)            Temple (1/1) D:6            Lair (5/5) D:9
 Shoals (4/4) Lair:3        Snake (4/4) Lair:3        Slime (5/5) Lair:4
    Orc (2/2) D:12            Elf (3/3) Orc:2        Vaults (5/5) D:14
  Crypt (3/3) Vaults:2       Tomb (0/3) Crypt:3      Depths (4/4) D:15
    Zot (1/5) Depths:4      Sewer (visited)         Ossuary (visited)

Altars:
Ashenzari
Cheibriados
Dithmenos
Elyvilon
Fedhas
Gozag
Hepliaklqana
Kikubaaqudgha
Makhleb
Nemelex Xobeh
Okawaru
Qazlal
Ru
Sif Muna
Trog
Uskayaw
Vehumet
Wu Jian
Xom
Yredelemnul
Zin
The Shining One
Jiyva

Shops:
D:6 *   D:11 :   Orc:2 :?:(   Elf:1 =*   Shoals:3 (**[[   Snake:1 (*[!
Snake:3 !   Vaults:1 !   Vaults:4 =   Vaults:5 *   Depths:1 (   Depths:2 (

Portals:
Hell: Depths:1 Depths:2 Depths:3 Depths:4
Abyss: Depths:3
Pandemonium: Depths:2 Depths:3
Ziggurat: Depths:3

Annotations:
D:8 1 runed translucent door, Nebesus's ghost, novice NaNe
Lair:5 exclusion: orange crystal statue
Shoals:3 2 transporters, PeterMcNeter's ghost, adept SpHu
Elf:2 1 runed translucent door
Elf:3 3 runed translucent doors, 1 exclusion, PeterMcNeter's ghost, adept MiGl
Crypt:3 exclusion: door


Innate Abilities, Weirdness & Mutations

You cannot wear most types of armour.
You are amphibious.
You can wear up to eight rings at the same time.
Your skin changes colour to match your surroundings (Stealth+).
Your rubbery body absorbs attacks. (AC +1, EV +1)
((You are camouflaged when in or above water. (Stealth+)))
You have tentacles for arms and can constrict up to eight enemies at once.
You are covered in fur. (AC +1)
You are weak. (Str -2)


Message History

You feel as though you will be slow longer.
The quicksilver dragon bites you!
* * * LOW HITPOINT WARNING * * *
The quicksilver dragon completely misses you.
The quicksilver dragon misses you.
The quicksilver dragon closely misses you.
The death cob closely misses you. The quicksilver dragon bites you!
* * * LOW HITPOINT WARNING * * *
The quicksilver dragon completely misses you. x3
You batter the quicksilver dragon!!
The quicksilver dragon is almost dead.
The death cob hits you!
* * * LOW HITPOINT WARNING * * *
The quicksilver dragon bites you.
* * * LOW HITPOINT WARNING * * *
The quicksilver dragon closely misses you.
The quicksilver dragon bites you.
* * * LOW HITPOINT WARNING * * *
The quicksilver dragon barely misses you.
The death cob closely misses you.
You feel much better.
The death cob hits you but does no damage.
The death cob hits you!!
* * * LOW HITPOINT WARNING * * *
The death cob drains your vigour!
You feel as though you will be slow longer.
The quicksilver dragon breathes dispelling energy at you.
The bolt of dispelling energy misses you.
The quicksilver dragon bites you.
* * * LOW HITPOINT WARNING * * *
The quicksilver dragon claws you.
* * * LOW HITPOINT WARNING * * *
The death cob barely misses you.
The quicksilver dragon closely misses you.
The quicksilver dragon claws you.
* * * LOW HITPOINT WARNING * * *
The quicksilver dragon breathes dispelling energy at you.
The bolt of dispelling energy hits you!!
Your magical effects are unravelling.
You die...

,, , , * , , *
,.., *.# ,.. ,
*,..## , .###..,
* * , * ....#
*#..... , , *,
*.?...###....#**
, *
*......#?...#
*,,, * *
,#...).... *,,
,*, * #..))Dz#
**, ** ** *
#.D@.#*, , *
###### ,{, * ,
##.#. ,**,,, *
,, ,*** * { , **
, ** * ** *+ * *
, * ,* , * ,* *,
, * , **,, , ,


You could see a death cob and 2 quicksilver dragons.

Vanquished Creatures
  the Royal Jelly (Slime:5)
  Dissolution (Slime:4)
  A dread lich (Vaults:5)
  An ancient lich (Vaults:5)
  Mennas (Crypt:1)
  Mara (Elf:3)
  A royal mummy (Crypt:3)
  Boris (Crypt:2)
  Margery (Crypt:2)
  Saint Roka (Crypt:1)
  Bai Suzhen (Vaults:2)
  4 caustic shrikes
  Frederick (Crypt:1)
  Jory (Crypt:1)
  5 golden dragons
  3 bone dragons
  Nikola (Vaults:1)
  2 doom hounds (Crypt:2)
  Zenata (Vaults:1)
  Jorgrun (D:13)
  Rupert (Lair:4)
  3 tentacled monstrosities
  2 deep elf blademasters (Elf:3)
  2 deep elf master archers (Elf:3)
  3 quicksilver dragons (Vaults:5)
  5 liches
  Asterion (Vaults:3)
  3 titans
  Grunn (Crypt:1)
  A kraken (Shoals:4)
  22 acid blobs
  Polyphemus (Shoals:4)
  A tentacled starspawn (Abyss:2)
  3 sphinxes
  5 ancient champions
  Donald (Snake:4)
  6 storm dragons
  A shadow dragon (Depths:4)
  10 tengu reavers
  20 azure jellies
  7 rockslimes (Slime:5)
  6 nagarajas
  5 revenants
  5 fire giants
  A draconian knight (Depths:4)
  10 frost giants
  8 deep elf sorcerers (Elf:3)
  4 orc warlords
  A draconian scorcher (Depths:4)
  2 iron dragons
  A cacodemon (Depths:2)
  4 curse skulls
  A balrug (Depths:1)
  29 vault wardens
  A draconian stormcaller (Zot:1)
  2 deep elf elementalists (Elf:3)
  21 ironbound preservers
  3 spriggan defenders
  3 reapers
  9 ironbound thunderhulks
  3 war gargoyles
  9 quicksilver oozes
  21 very ugly things
  The ghost of Vutusoippagg the Fighter, a journeyman GrEE of Hepliaklqana (Elf:2)
  A draconian annihilator (Zot:1)
  17 stone giants
  2 black draconians (Depths:4)
  A juggernaut skeleton (Crypt:3)
  A green draconian (Zot:1)
  The ghost of Armakuni the Exorcist, a journeyman DrTm of the Shining One (D:13)
  A deep elf demonologist (Vaults:5)
  6 vampire knights
  2 putrid mouths
  A red draconian (Depths:4)
  3 entropy weavers
  A purple draconian (Zot:1)
  A spark wasp (shapeshifter) (Depths:2)
  10 dire elephants (Vaults:3)
  6 spark wasps
  8 deep elf annihilators
  A yellow draconian (Depths:4)
  4 eidola
  A blizzard demon (Depths:1)
  A crystal guardian (Vaults:3)
  5 deep elf death magi
  6 merfolk javelineers
  7 merfolk impalers (Shoals:4)
  14 ettins
  8 jiangshi
  6 deep elf high priests
  A great orb of eyes (shapeshifter) (Depths:2)
  4 mummy priests (Crypt:3)
  25 yaktaur captains
  Josephine (Shoals:1)
  15 great orbs of eyes
  4 peacekeepers
  6 rakshasas
  10 boulder beetles
  7 ice dragons
  9 fire dragons
  Harold (D:11)
  39 vault guards
  9 hydras
  Erolcha (D:12)
  2 merfolk avatars (Shoals:4)
  A hell beast (Depths:1)
  4 spriggan air magi
  2 catoblepae
  3 ogre magi
  3 alligator snapping turtles
  A quicksilver dragon skeleton (Crypt:3)
  10 merfolk aquamancers
  11 anacondas
  2 salamander tyrants (Snake:4)
  8 centaur warriors
  An azure jelly zombie (Crypt:2)
  A bennu zombie (Crypt:1)
  13 two-headed ogres
  17 naga warriors
  11 deep troll shamans
  12 ironbound frosthearts
  26 dancing weapons
  6 deep troll earth magi
  5 tengu warriors
  Urug (Lair:3)
  2 thrashing horrors (Abyss:2)
  4 death yaks
  9 vampire magi
  6 spriggan berserkers
  13 deep elf knights
  15 naga sharpshooters
  3 shadow wraiths
  9 shock serpents
  9 hell knights
  4 soul eaters
  Sonja (Lair:4)
  3 salamander mystics (Snake:4)
  10 iron trolls
  14 skeletal warriors
  4 sixfirhies (Depths:1)
  6 flayed ghosts
  11 bog bodies (Crypt:3)
  5 sea snakes
  5 glowing orange brains
  78 deep trolls
  An obsidian statue (Depths:1)
  A swamp dragon (Lair:5)
  10 wizards
  An orange crystal statue (Elf:3)
  19 harpies (Shoals:4)
  8 naga ritualists
  8 deep elf archers
  25 ironbound convokers
  12 phantasmal warriors
  19 deep elf zephyrmancers
  18 lindwurms
  10 orc knights
  8 necromancers
  20 deep elf pyromancers
  A faun (shapeshifter) (Depths:3)
  26 ugly things
  A fire giant zombie (Depths:2)
  4 fauns
  A mana viper (shapeshifter) (Vaults:3)
  12 mana vipers
  An orc sorcerer (Orc:2)
  8 shining eyes
  6 cyclopes
  A frost giant zombie (Depths:2)
  A cyclops (shapeshifter) (Vaults:5)
  12 salamanders
  8 manticores
  14 water nymphs
  19 vault sentinels
  Maurice (Orc:1)
  A titan simulacrum (Vaults:4)
  8 merfolk sirens
  2 rust devils
  14 elephants
  33 black mambas
  3 guardian serpents
  A torpor snail (Lair:4)
  10 cane toads
  An eye of devastation (Slime:5)
  17 naga magi
  A smoke demon (Depths:1)
  2 water nymphs (shapeshifter)
  A shock serpent skeleton (Crypt:3)
  2 cane toads (shapeshifter)
  An unseen horror (shapeshifter) (Elf:2)
  46 yaktaurs
  An orange demon (Depths:1)
  A gargoyle (D:11)
  A yaktaur zombie (Vaults:2)
  An efreet (D:14)
  A rime drake (Lair:1)
  Psyche (D:12)
  4 unseen horrors
  A grey draconian zombie (Crypt:2)
  4 freezing wraiths
  4 tengu conjurers
  9 komodo dragons
  3 hellwings
  A redback zombie (Crypt:3)
  4 kobold demonologists
  A human zombie (Vaults:4)
  An unseen horror skeleton (Crypt:1)
  A red devil (Depths:1)
  4 tormentors
  25 guardian mummies (Crypt:3)
  12 trolls
  A death drake zombie (Crypt:1)
  19 merfolk
  A polar bear (Lair:2)
  A merfolk (shapeshifter) (Vaults:5)
  A hornet (shapeshifter) (Elf:3)
  A wind drake (Shoals:4)
  33 blink frogs
  A radroach zombie (Crypt:1)
  7 raiju (Abyss:2)
  102 slime creatures
  A snapping turtle (shapeshifter) (D:13)
  6 hornets
  A dream sheep (shapeshifter) (D:15)
  12 dream sheep
  A tarantella zombie (Crypt:1)
  7 snapping turtles
  A centaur simulacrum (D:14)
  A jumping spider (Vaults:1)
  9 air elementals
  An iron dragon simulacrum (Vaults:2)
  6 spriggans
  13 wraiths
  3 flying skulls (Crypt:1)
  2 shadows
  A vampire (D:11)
  10 ushabtiu (Crypt:3)
  20 humans (D:14)
  6 wyverns
  An alligator skeleton (Crypt:3)
  5 basilisks
  21 water elementals
  32 yaks
  5 ynoxinuls
  3 fire elementals
  A hog (shapeshifter) (Elf:1)
  13 vampire mosquitoes
  6 golden eyes
  A wind drake skeleton (Crypt:2)
  4 steam dragons
  7 chaos spawn
  A redback (Vaults:1)
  An elf skeleton (Vaults:2)
  36 nagas
  6 wargs
  5 acid dragons
  4 large abominations
  A floating eye (Depths:3)
  A floating eye (shapeshifter) (D:13)
  A glowing shapeshifter skeleton (Crypt:2)
  6 water moccasins
  13 orc warriors
  An ice beast (shapeshifter) (D:15)
  2 black bears
  A sky beast (D:4)
  A swamp drake (Lair:5)
  18 ogres
  6 wolves
  12 centaurs
  An elephant skeleton (Crypt:3)
  A phantom (D:5)
  2 necrophages
  20 bullfrogs
  2 gnoll sergeants
  4 kobold brigands
  2 scorpions
  7 small abominations
  2 earth elementals
  A yaktaur skeleton (Crypt:3)
  A salamander skeleton (Crypt:1)
  4 wights (D:8)
  A glowing shapeshifter simulacrum (Depths:2)
  2 cyclops skeletons (Crypt:1)
  4 human simulacra
  24 killer bees
  A water moccasin skeleton (Crypt:3)
  6 howler monkeys
  An electric eel (D:9)
  A quasit (Abyss:2)
  13 hounds
  5 jellies
  3 gnoll boudas
  8 orc priests
  6 iguanas
  14 orc wizards
  An acid dragon skeleton (Crypt:2)
  12 mummies
  12 gnolls
  A howler monkey skeleton (Crypt:3)
  12 adders
  6 river rats (Sewer)
  A swamp drake skeleton (Crypt:2)
  2 white imps (D:7)
  2 worms
  An adder skeleton (Crypt:1)
  A dart slug (D:3)
  55 orcs
  3 bats
  A bat zombie (Crypt:2)
  9 endoplasms
  3 giant cockroaches
  A gnoll zombie (Ossuary)
  2 hobgoblins
  16 kobolds
  6 quokkas
  8 ball pythons
  7 frilled lizards
  9 goblins
  4 kobold zombies (Ossuary)
  3 orc zombies (Ossuary)
  25 rats
  A rat skeleton (Crypt:3)
2199 creatures vanquished.

Vanquished Creatures (collateral kills)
  A tentacled monstrosity (Vaults:5)
  A lich (Vaults:4)
  A sphinx (Crypt:3)
  Gastronok (Lair:2)
  A storm dragon (Vaults:5)
  An orc warlord (Vaults:2)
  An ironbound thunderhulk (Vaults:2)
  A stone giant (Depths:3)
  2 dire elephants (Vaults:3)
  A deep elf death mage (Elf:3)
  2 ettins
  A deep elf high priest (Elf:3)
  A vault guard (Vaults:5)
  2 ice dragons
  3 boulder beetles
  A hydra (Lair:3)
  A two-headed ogre (D:9)
  A naga warrior (Snake:4)
  A deep troll earth mage (Depths:2)
  2 hell knights
  5 skeletal warriors
  3 deep trolls
  3 phantasmal warriors
  An ironbound convoker (Vaults:5)
  A deep elf zephyrmancer (Elf:3)
  2 vault sentinels
  3 black mambas
  2 torpor snails (Lair:5)
  2 elephants (Lair:4)
  A komodo dragon (Lair:4)
  2 rime drakes
  2 freezing wraiths
  3 yaktaurs
  2 guardian mummies (Crypt:3)
  A red draconian skeleton (Crypt:1)
  10 blink frogs
  2 dream sheep (Lair:3)
  2 flying skulls (Crypt:1)
  A wraith (Crypt:1)
  A golden eye (Abyss:2)
  6 yaks
  2 vampire mosquitoes
  2 orc warriors
  A swamp drake (Lair:5)
  A bullfrog (Lair:1)
  2 killer bees (D:10)
  2 iguanas (Lair:5)
  An orc wizard (Orc:1)
  3 orcs
  An endoplasm (Lair:4)
  4 kobolds (D:12)
100 creatures vanquished.

Vanquished Creatures (others)
  A dread lich (Vaults:5)
  A lich (Depths:3)
  A dancing weapon (Elf:2)
  A howler monkey (D:9)
  29 fungi
  188 plants
  5 starspawn tentacles (Abyss:2)
  4 tentacles (Shoals:4)
  14 withered plants (Crypt:3)
244 creatures vanquished.

Grand Total: 2543 creatures vanquished

Notes
Turn   | Place    | Note
-------+----------+-------------------------------------------
     0 | D:1      | Mesmaeker13 the Octopode Transmuter began the quest for the
                  | Orb.
     0 | D:1      | Reached XP level 1. HP: 13/13 MP: 3/3
    11 | D:1      | Found a faded altar of an unknown god.
   157 | D:1      | Reached XP level 2. HP: 12/18 MP: 3/5
   812 | D:1      | Learned a level 2 spell: Wereblood
   869 | D:2      | Reached XP level 3. HP: 19/23 MP: 4/6
  1513 | D:2      | Learned a level 3 spell: Spider Form
  1553 | D:3      | Found a blossoming altar of Fedhas.
  1884 | D:3      | Reached XP level 4. HP: 7/28 MP: 5/8
  2208 | D:3      | Found a glowing silver altar of Zin.
  2276 | D:3      | Reached skill level 1 in Poison Magic
  2429 | D:3      | Found a glowing golden altar of the Shining One.
  2463 | D:3      | Found an ornate altar of the Wu Jian Council.
  2863 | D:4      | Found a sparkling altar of Nemelex Xobeh.
  2991 | D:4      | Noticed a sky beast
  3020 | D:4      | Killed a sky beast
  3021 | D:4      | Reached skill level 4 in Unarmed Combat
  3021 | D:4      | Reached XP level 5. HP: 15/33 MP: 6/9
  3553 | D:4      | Reached XP level 6. HP: 32/38 MP: 6/11
  3800 | D:4      | Identified the +0 short sword of Might {flame, Str+2 Int+4
                  | Dex+6}
  3984 | D:4      | Learned a level 4 spell: Ice Form
  4023 | D:5      | Entered Level 5 of the Dungeon
  4128 | D:5      | Noticed a black bear
  4131 | D:5      | Noticed a water moccasin
  4139 | D:5      | Killed a black bear
  4205 | D:5      | Reached skill level 1 in Ice Magic
  4221 | D:5      | Noticed a water moccasin
  4256 | D:5      | Reached XP level 7. HP: 29/43 MP: 7/12
  4287 | D:5      | Found a glowing drain.
  4299 | Sewer    | Entered a sewer
  4792 | Sewer    | Reached skill level 5 in Unarmed Combat
  5158 | D:5      | Reached XP level 8. HP: 48/48 MP: 9/13
  5663 | D:5      | Reached skill level 5 in Transmutations
  5663 | D:5      | Reached skill level 5 in Poison Magic
  6486 | D:6      | Noticed a wyvern
  6499 | D:6      | Killed a wyvern
  6500 | D:6      | Reached skill level 6 in Unarmed Combat
  7053 | D:6      | Reached XP level 9. HP: 44/53 MP: 10/14
  7117 | D:6      | Found Gozag's Platinum Reserve.
  7120 | D:6      | Found an opulent altar of Gozag.
  7266 | D:6      | Found a staircase to the Ecumenical Temple.
  7364 | Temple   | Entered the Ecumenical Temple
  7522 | Temple   | Became a worshipper of Ashenzari the Shackled
  8178 | D:7      | Found a sand-covered staircase.
  8183 | Ossuary  | Entered an ossuary
  8221 | Ossuary  | Reached skill level 5 in Ice Magic
  8588 | D:7      | Reached skill level 7 in Unarmed Combat
  8787 | D:7      | Found a shadowy altar of Dithmenos.
  9924 | D:7      | Learned a level 4 spell: Summon Ice Beast
 10094 | D:7      | Reached skill level 1 in Summonings
 10148 | D:8      | Found a runed translucent door.
 10155 | D:8      | Noticed Nebesus's ghost (novice NaNe)
 10180 | D:8      | Reached XP level 10. HP: 57/58 MP: 9/15
 10303 | D:8      | Reached skill level 8 in Unarmed Combat
 10581 | D:8      | You fall into a shaft and drop 1 floor!
 10764 | D:9      | Noticed a two-headed ogre
 10779 | D:9      | Killed a two-headed ogre
 10828 | D:9      | Found a white marble altar of Elyvilon.
 10837 | D:9      | Noticed a two-headed ogre
 10851 | D:9      | Killed a two-headed ogre
 11583 | D:8      | Found a radiant altar of Vehumet.
 11632 | D:8      | Found a hide-covered altar of Uskayaw.
 11866 | D:9      | Reached skill level 9 in Unarmed Combat
 12038 | D:9      | Found a staircase to the Lair.
 12069 | D:9      | Reached XP level 11. HP: 47/63 MP: 7/16
 12500 | D:9      | Found a shimmering altar of Xom.
 12518 | D:9      | Reached skill level 5 in Summonings
 13412 | D:9      | Reached * piety under Ashenzari
 13412 | D:9      | Identified a scroll of acquirement
 13415 | D:9      | Acquired the ring "Urog" {Will+ rCorr Str+4 Int+3}
 13457 | D:10     | Entered Level 10 of the Dungeon
 13487 | D:10     | Found a bloodstained altar of Trog.
 14692 | Lair:1   | Entered Level 1 of the Lair of Beasts
 14796 | D:9      | Learned a level 3 spell: Frozen Ramparts
 15094 | Lair:1   | Reached skill level 10 in Unarmed Combat
 15616 | Lair:1   | Reached skill level 10 in Transmutations
 15779 | Lair:1   | Reached XP level 12. HP: 69/69 MP: 10/18
 15837 | Lair:1   | Noticed a seven-headed hydra
 15846 | Lair:1   | Killed a seven-headed hydra
 16728 | Lair:2   | Noticed Gastronok
 16765 | Lair:2   | Killed Gastronok
 16818 | Lair:2   | Noticed a boulder beetle
 16820 | Lair:2   | Reached skill level 10 in Ice Magic
 16863 | Lair:2   | Reached skill level 11 in Unarmed Combat
 17367 | Lair:2   | Killed a boulder beetle
 17467 | Lair:3   | Noticed an eight-headed hydra
 17474 | Lair:3   | Killed an eight-headed hydra
 18268 | Lair:3   | Found a staircase to the Snake Pit.
 18422 | Lair:3   | Reached XP level 13. HP: 79/79 MP: 15/20
 18780 | Lair:3   | Noticed Urug
 18797 | Lair:3   | Killed Urug
 19028 | Lair:3   | Reached skill level 5 in Spellcasting
 19153 | Lair:3   | Found a staircase to the Shoals.
 19803 | Lair:4   | Reached skill level 12 in Unarmed Combat
 19861 | Lair:4   | Reached skill level 5 in Fighting
 20437 | Lair:4   | Noticed Sonja
 20459 | Abyss:2  | Cast into level 2 of the Abyss (Sonja)
 20619 | Abyss:2  | Reached XP level 14. HP: 92/92 MP: 20/25
 20638 | Abyss:2  | Noticed a tentacled starspawn
 20657 | Abyss:2  | Killed a tentacled starspawn
 20735 | Lair:4   | Escaped the Abyss
 20745 | Lair:4   | Killed Sonja
 21088 | Lair:4   | Noticed Rupert
 21514 | Lair:4   | Identified the +4 great sword of Glamorous Integrity
                  | {vorpal, rPois Str+4}
 21586 | Lair:5   | Entered Level 5 of the Lair of Beasts
 21651 | Lair:5   | Reached skill level 13 in Unarmed Combat
 21735 | Lair:5   | Identified the +8 long sword "Newtslayer" {elec, Str+5}
 23217 | Lair:5   | Found the amulet of the Four Winds {rN+ Will+++ Clar}
 24011 | D:11     | Noticed Harold
 24018 | D:11     | Killed Harold
 24992 | D:11     | Found Dojeus's Book Shop.
 24997 | D:11     | Bought a book of Transfigurations for 520 gold pieces
 25006 | D:11     | Learned a level 7 spell: Dragon Form
 25237 | D:12     | Noticed Erolcha
 25258 | D:12     | Killed Erolcha
 25433 | D:12     | Found a staircase to the Orcish Mines.
 25524 | D:12     | Reached XP level 15. HP: 101/101 MP: 25/28
 25929 | D:12     | Noticed Psyche
 25934 | D:12     | Killed Psyche
 26390 | Orc:1    | Entered Level 1 of the Orcish Mines
 26617 | Orc:1    | Reached ** piety under Ashenzari
 26618 | Orc:1    | Found a burning altar of Makhleb.
 26675 | Orc:2    | Entered Level 2 of the Orcish Mines
 26680 | Orc:2    | Noticed an orc warlord
 26839 | Orc:2    | Killed an orc warlord
 26975 | Orc:2    | Found a staircase to the Elven Halls.
 27045 | Orc:2    | Reached skill level 14 in Unarmed Combat
 27281 | Orc:1    | Noticed Maurice
 27288 | Orc:1    | Killed Maurice
 27546 | Orc:2    | Found Xiel's Book Emporium.
 27562 | Orc:2    | Found Mublaah's Magic Scroll Boutique.
 27673 | Orc:2    | Found Carraem's Book Shoppe.
 27676 | Orc:2    | Found Wesoazxo's Weapon Emporium.
 27791 | Orc:2    | Bought a scroll of teleportation for 45 gold pieces
 27791 | Orc:2    | Bought a scroll of teleportation for 45 gold pieces
 28196 | D:13     | Noticed Armakuni's ghost (journeyman DrTm)
 28198 | D:13     | Noticed an orc warlord
 28332 | D:13     | Found a transporter.
 28337 | D:13     | Found a transporter.
 28891 | D:13     | Noticed Jorgrun
 28907 | D:13     | Killed Jorgrun
 29469 | D:14     | Identified the +4 ring mail of the Cricket {*Corrode rPois
                  | rC+}
 29527 | D:14     | Identified the +7 dagger "Daegiuni" {holy, rN+ Int+5 Dex-5
                  | Stlth+}
 29718 | D:14     | Found a gate to the Vaults.
 29722 | D:14     | Reached skill level 10 in Fighting
 30041 | D:14     | Reached XP level 16. HP: 112/112 MP: 28/31
 30558 | D:15     | Entered Level 15 of the Dungeon
 30831 | D:15     | Reached skill level 10 in Spellcasting
 31554 | D:15     | Reached skill level 15 in Unarmed Combat
 31751 | D:15     | Found a staircase to the Depths.
 32365 | Lair:1   | Learned a level 2 spell: Scorch
 32371 | Lair:1   | Learned a level 5 spell: Irradiate
 32430 | Snake:1  | Entered Level 1 of the Snake Pit
 32484 | Snake:1  | Reached skill level 15 in Transmutations
 33025 | Snake:1  | Identified the cursed +2 hat of Apeoromancy {Comp, Melee}
                  | (You took it off Gastronok on level 2 of the Lair of
                  | Beasts)
 33360 | Snake:1  | Found Waiqit's Armour Boutique.
 33360 | Snake:1  | Found Jeogeur's Assorted Antiques.
 33362 | Snake:1  | Found Lilat's Weapon Shop.
 33366 | Snake:1  | Found Rukh's Distillery.
 33779 | Snake:1  | Identified the +7 short sword "Sykial" {vorpal, Str+4}
 34213 | Snake:2  | Noticed a nagaraja
 34229 | Snake:2  | Killed a nagaraja
 35811 | Snake:3  | Noticed a nagaraja
 35819 | Snake:3  | Killed a nagaraja
 35820 | Snake:3  | Reached XP level 17. HP: 121/121 MP: 33/33
 35832 | Snake:3  | Identified the +2 pair of boots of a Million Beasts {Drain
                  | rPois SInv}
 36247 | Snake:3  | Found Inoazof's Distillery.
 36626 | Snake:3  | Reached skill level 16 in Unarmed Combat
 37295 | Snake:4  | Entered Level 4 of the Snake Pit
 38062 | Snake:4  | Noticed Donald
 38075 | Snake:4  | Killed Donald
 39065 | Snake:4  | Reached skill level 10 in Summonings
 39711 | Snake:4  | Reached XP level 18. HP: 131/131 MP: 34/34
 40090 | Snake:4  | Got a serpentine rune of Zot
 40379 | Shoals:1 | Entered Level 1 of the Shoals
 40534 | Shoals:1 | Identified the +1 ring mail of Fallacy {Str+3}
 40673 | Shoals:1 | Noticed Josephine
 40685 | Shoals:1 | Killed Josephine
 40873 | Shoals:2 | Identified the +0 chain mail of Fedhas, Hugging {Stlth+}
 41331 | Shoals:3 | Noticed PeterMcNeter's ghost (adept SpHu)
 41334 | Shoals:3 | Found a bloodstained altar of Trog.
 41340 | Shoals:3 | Found a transporter.
 41349 | Shoals:3 | Found a transporter.
 41381 | Shoals:3 | Found Raumal's Armour Shoppe.
 41887 | Shoals:3 | Reached skill level 17 in Unarmed Combat
 42110 | Shoals:3 | Found Usomm's Visitors' Centre.
 42115 | Shoals:3 | Found Usomm's Merfolk Armours.
 42115 | Shoals:3 | Found Usomm's Merfolk Magic.
 42475 | Shoals:4 | Entered Level 4 of the Shoals
 43319 | Shoals:4 | Identified the +5 arbalest "Notal" {freeze, Str+5}
 43698 | Shoals:4 | Noticed Polyphemus
 43708 | Shoals:4 | Killed Polyphemus
 43738 | Shoals:4 | Paralysed by an air elemental for 1 turns
 43888 | Shoals:4 | Noticed a titan
 43890 | Shoals:4 | Reached XP level 19. HP: 139/139 MP: 35/35
 44218 | Shoals:4 | Paralysed by an air elemental for 1 turns
 44411 | Shoals:4 | Got a barnacled rune of Zot
 44731 | Shoals:4 | Paralysed by an air elemental for 1 turns
 45089 | D:11     | Bought a book of Beasts for 494 gold pieces
 45097 | D:11     | Learned a level 5 spell: Summon Mana Viper
 45185 | Elf:1    | Entered Level 1 of the Elven Halls
 45315 | Elf:1    | Reached skill level 1 in Hexes
 45322 | Elf:1    | Identified the Omnibus of Conjuration
 45554 | Elf:1    | Paralysed by an air elemental for 1 turns
 45741 | Elf:1    | Found Siloza's Jewellery Emporium.
 45902 | Elf:1    | Found Roihopy's Neck Hole.
 46174 | Elf:2    | Found a runed translucent door.
 46176 | Elf:2    | Noticed Vutusoippagg's ghost (journeyman GrEE)
 46190 | Elf:2    | Killed Vutusoippagg's ghost
 46829 | Elf:2    | Found a runed translucent door.
 46855 | Elf:2    | Found a runed translucent door.
 47150 | Elf:2    | Reached skill level 18 in Unarmed Combat
 48067 | Elf:3    | Entered Level 3 of the Elven Halls
 48094 | Elf:3    | Noticed Mara
 48098 | Elf:3    | Paralysed by an air elemental for 1 turns
 48109 | Elf:3    | Noticed Mesmaeker13's illusion
 48117 | Elf:3    | Noticed Mesmaeker13's illusion
 48125 | Elf:3    | Killed Mara
 48348 | Elf:3    | Reached skill level 15 in Fighting
 48730 | Elf:3    | Reached XP level 20. HP: 148/148 MP: 31/36
 49163 | Elf:3    | Identified the +3 robe of Fynwu {Int+3 Dex+3}
 49171 | Elf:3    | Paralysed by an air elemental for 1 turns
 49177 | Elf:3    | Found a runed translucent gate.
 49178 | Elf:3    | Found a runed translucent gate.
 49179 | Elf:3    | Found a runed translucent gate.
 49181 | Elf:3    | Noticed PeterMcNeter's ghost (adept MiGl)
 49192 | Elf:3    | Identified the +1 helmet of the Gastropod {Str+4 Stlth+}
 49192 | Elf:3    | Identified the +0 hat of Protective Custody {Stlth+}
 49212 | Elf:3    | Reached skill level 5 in Hexes
 49402 | Elf:3    | Identified the ring of Lapiy {Fire +Blink rElec rPois}
 49414 | Elf:3    | Identified the +7 glaive of the Tired Suns {protect, rElec
                  | rF- Dex+3}
 49442 | Elf:3    | Identified the amulet "Teckuug" {RegenMP rF+ Int+6 Dex-2}
 49660 | Elf:3    | Identified the Secrets of Charms and the Welkin
 49705 | Elf:3    | Identified Lilituh's Incunabulum of Confrontation
 49706 | Elf:3    | Identified the ring of Bixt {*Slow rPois Dex+2 Slay+4}
 49715 | Elf:3    | Found the +3 Mad Mage's Maulers {Infuse+∞ RegenMP Int-3}
 49793 | Elf:3    | Identified the +5 short sword of Pride {vorpal, Fragile
                  | rElec Int+8}
 50386 | Elf:3    | Identified the +8 dagger "Ysmilim" {antimagic, rN+ Str+2
                  | Dex+2}
 51072 | Depths:1 | Entered Level 1 of the Depths
 51072 | Depths:1 | Identified the +1 ring mail "Hyuh" {rF+ Int+2}
 51072 | Depths:1 | Found Vaennux's Antique Weapon Emporium.
 51292 | Depths:1 | Found a gateway to Hell.
 51766 | Orc:2    | Bought a book of Sloth for 540 gold pieces
 51775 | Orc:2    | Learned a level 6 spell: Summon Cactus Giant
 52453 | Depths:1 | Found a stormy altar of Qazlal.
 52679 | Depths:1 | Reached *** piety under Ashenzari
 52975 | Depths:2 | Found Mexzoawkis's Weapon Emporium.
 53789 | Depths:2 | Reached XP level 21. HP: 157/157 MP: 35/37
 54184 | Depths:2 | Reached skill level 19 in Unarmed Combat
 54301 | Depths:2 | Reached skill level 5 in Dodging
 54505 | Depths:2 | Found a one-way gate leading to the halls of Pandemonium.
 54652 | Depths:2 | Identified the +8 flail "Konk" {vamp, rElec Will+ rCorr
                  | SInv}
 55182 | Depths:3 | Identified the +1 leather armour "Egaut" {Rampage +Blink
                  | rC- Str-2}
 55254 | Depths:3 | Noticed a golden dragon
 55256 | Depths:3 | Killed a golden dragon
 55779 | Depths:3 | Found a one-way gateway to a ziggurat.
 56100 | Depths:3 | Found a one-way gate to the infinite horrors of the Abyss.
 56814 | Depths:4 | Entered Level 4 of the Depths
 56821 | Depths:4 | Reached XP level 22. HP: 165/165 MP: 31/38
 56835 | Depths:4 | Reached skill level 15 in Summonings
 57260 | Depths:3 | Identified the +9 quarterstaff "Rovuny" {venom, rN+ Str+3}
 57470 | Depths:4 | Found a gate to the Realm of Zot.
 57470 | Depths:4 | Noticed a golden dragon
 57992 | Depths:4 | Found a broken altar of Ashenzari.
 58003 | Depths:4 | Noticed a caustic shrike
 58009 | Depths:4 | Killed a caustic shrike
 58010 | Depths:4 | Noticed a caustic shrike
 58012 | Depths:4 | Noticed a caustic shrike
 58015 | Depths:4 | Noticed a caustic shrike
 58020 | Depths:3 | Killed a caustic shrike
 58025 | Depths:3 | Killed a caustic shrike
 58426 | Depths:4 | Killed a caustic shrike
 58619 | Depths:4 | Killed a golden dragon
 58748 | Depths:4 | Learned a level 6 spell: Statue Form
 58844 | Depths:4 | Noticed a golden dragon
 58850 | Depths:4 | Killed a golden dragon
 58999 | Vaults:1 | Entered Level 1 of the Vaults
 58999 | Vaults:1 | Noticed Zenata
 59005 | Vaults:1 | Killed Zenata
 59006 | Vaults:1 | Reached skill level 20 in Unarmed Combat
 59006 | Vaults:1 | Reached skill level 1 in Earth Magic
 59223 | Vaults:1 | Identified the +6 chain mail of the Farmer {Str+5}
 59240 | Vaults:1 | Noticed Nikola
 59262 | Vaults:1 | Killed Nikola
 59597 | Vaults:1 | Identified the +9 arbalest of the Tiger {flame, +Blink
                  | Str+3 Dex+7}
 59860 | Vaults:1 | Found a portal to a secret trove of treasure.
 60137 | Vaults:1 | Reached XP level 23. HP: 174/174 MP: 25/39
 60570 | Vaults:1 | Found Uvuany's Distillery.
 61459 | Orc:2    | Bought a scroll of enchant weapon for 112 gold pieces
 61618 | Vaults:1 | You paid a toll of a +7 demon trident to enter a treasure
                  | trove
 61619 | Trove    | Entered a treasure trove
 61802 | Trove    | Identified the +9 demon whip of Jyrefabe {flame, Str+4}
 61802 | Trove    | Identified the ring "Erhuaff" {Str+6 Stlth+}
 61837 | Trove    | Identified the amulet of Muxacsunt {rPois rC+ Will- Regen+
                  | Int+9}
 61837 | Trove    | Identified the ring "Noruac" {rPois Stlth+}
 61964 | Vaults:2 | Reached skill level 5 in Earth Magic
 62050 | Vaults:2 | Identified the +0 chain mail of Shielding {Dex-4 Slay+5}
 62474 | Vaults:2 | Noticed Bai Suzhen
 62487 | Vaults:2 | Killed Bai Suzhen
 63042 | Vaults:2 | Found a staircase to the Crypt.
 63042 | Vaults:2 | Found an ancient bone altar of Kikubaaqudgha.
 63047 | Vaults:2 | Found a basalt altar of Yredelemnul.
 63782 | Vaults:3 | Noticed Asterion
 63793 | Vaults:3 | Killed Asterion
 63979 | Vaults:3 | Reached skill level 21 in Unarmed Combat
 63999 | Vaults:3 | Learned a level 7 spell: Monstrous Menagerie
 64595 | Vaults:3 | Reached XP level 24. HP: 183/183 MP: 35/39
 64689 | Vaults:3 | Reached **** piety under Ashenzari
 65700 | Vaults:4 | Identified the ring of the Turtle {Will++ MP+9 AC+4 Int-5
                  | Dex-5 Stlth+}
 65908 | Vaults:4 | Identified the +11 dire flail "Zithez" {vorpal, Str+4}
 66835 | Vaults:4 | Found Huw Uma's Jewellery Shop.
 66848 | Vaults:4 | Bought the amulet of Vitality {RegenMP++ Regen++} for 1700
                  | gold pieces
 66848 | Vaults:4 | Found the amulet of Vitality {RegenMP++ Regen++}
 67180 | Crypt:1  | Entered Level 1 of the Crypt
 67262 | Crypt:1  | Reached skill level 10 in Earth Magic
 67486 | Crypt:1  | Noticed Mennas
 67500 | Crypt:1  | Killed Mennas
 67623 | Crypt:1  | Reached XP level 25. HP: 192/192 MP: 27/39
 67637 | Crypt:1  | Noticed Jory
 67639 | Crypt:1  | Noticed Saint Roka
 67645 | Crypt:1  | Killed Jory
 67662 | Crypt:1  | Killed Saint Roka
 67817 | Crypt:1  | Reached skill level 22 in Unarmed Combat
 68014 | Crypt:1  | Noticed Frederick
 68021 | Crypt:1  | Killed Frederick
 68266 | Crypt:2  | Noticed Grunn
 68274 | Crypt:1  | Killed Grunn
 68746 | Crypt:2  | Noticed Boris
 68755 | Crypt:2  | Killed Boris
 68882 | Crypt:2  | Noticed Margery
 68966 | Crypt:2  | Killed Margery
 69315 | Crypt:3  | Entered Level 3 of the Crypt
 69694 | Crypt:3  | Identified the +1 scale mail "Kah Oqo" {Rampage Regen+
                  | Dex+4}
 69926 | Crypt:3  | Noticed a royal mummy
 69942 | Crypt:3  | Killed a royal mummy
 70551 | Crypt:3  | Found a staircase to the Tomb.
 70746 | Crypt:3  | Identified the ring "Foam" {Wiz rN+}
 71211 | Crypt:3  | Identified the +10 mace of Exchange {vorpal, Str-4 Int+7}
 71545 | Lair:1   | Upgraded the game from 0.29-a0-1023-g6ae1a4a2c7 to
                  | 0.29-a0-1027-gcd8c55af63
 71559 | Lair:1   | Learned a level 3 spell: Ignite Poison
 71835 | Vaults:5 | Entered Level 5 of the Vaults
 72021 | Vaults:5 | Reached XP level 26. HP: 202/202 MP: 38/39
 72144 | Vaults:5 | Identified the +6 scale mail of Red the Invisible Hand
                  | {Int+5}
 72145 | Vaults:5 | Identified the Handbook of Warped Ensorcelling
 72413 | Vaults:5 | Reached skill level 23 in Unarmed Combat
 72415 | Vaults:5 | Noticed a dread lich
 72420 | Vaults:5 | Paralysed by a dread lich for 2 turns
 72424 | Vaults:5 | Killed a dread lich
 72430 | Vaults:5 | Identified the +1 chain mail of the Turtledove {*Corrode
                  | Regen+ Int+4}
 72480 | Vaults:5 | Identified the Compendium of Incorporation
 72506 | Vaults:5 | Got a silver rune of Zot
 72734 | Vaults:5 | Identified the +8 falchion of Callousness {vorpal, rC+}
 72756 | Vaults:5 | Noticed an ancient lich
 72766 | Vaults:5 | Killed an ancient lich
 72783 | Vaults:5 | Learned a level 6 spell: Eringya's Noxious Bog
 72872 | Vaults:5 | Noticed a dread lich
 72886 | Vaults:5 | Killed a dread lich
 72888 | Vaults:5 | Found Heal's Assorted Antiques.
 72910 | Vaults:5 | Identified Rauxziga's Compendium of Ensorcelling
 72993 | Vaults:5 | Bought a scroll of amnesia for 172 gold pieces
 73595 | D:13     | Killed Armakuni's ghost
 74174 | Lair:4   | Killed Rupert
 74175 | Lair:4   | Found a runed translucent door.
 74176 | Lair:4   | Found a viscous altar of Jiyva.
 74178 | Lair:4   | Found a staircase to the Slime Pits.
 74191 | Slime:1  | Entered Level 1 of the Pits of Slime
 74234 | Slime:1  | Found a viscous altar of Jiyva.
 74376 | Slime:3  | Gained mutation: You are dopey. (Int -2) [a shining eye]
 74380 | Slime:3  | Gained mutation: You are very dopey. (Int -4) [a shining
                  | eye]
 74454 | Slime:4  | Noticed Dissolution
 74458 | Slime:4  | Killed Dissolution
 74498 | Slime:5  | Entered Level 5 of the Pits of Slime
 74509 | Slime:5  | Gained mutation: You are weak. (Str -2) [a shining eye]
 74510 | Slime:5  | Gained mutation: Potions are less effective at restoring
                  | your health. [a shining eye]
 74514 | Slime:5  | Gained mutation: You sometimes lose your temper in combat.
                  | [a shining eye]
 74586 | Slime:4  | Reached XP level 27. HP: 211/211 MP: 41/41
 74791 | Slime:5  | Noticed the Royal Jelly
 75108 | Slime:5  | Reached skill level 24 in Unarmed Combat
 75209 | Slime:5  | Found a viscous altar of Jiyva.
 75224 | Slime:5  | Killed the Royal Jelly
 75308 | Slime:5  | Found the +10 dark maul {vorpal}
 75309 | Slime:5  | Identified the +0 robe of Tomorrow {Harm rPois Will+++
                  | Str-4}
 75320 | Slime:5  | Got a slimy rune of Zot
 75324 | Slime:5  | Identified the +6 spear "Qunoarr" {spect, rElec Int+6}
 75326 | Slime:5  | Identified the +11 quarterstaff "Jiegesa" {chaos, rPois
                  | Will+}
 75326 | Slime:5  | Identified the ring of Firhy {Fire Str+2 Dex+2}
 75328 | Slime:5  | Identified the +3 scale mail of Kyqioq {-Cast rF- Str+9
                  | Dex+3}
 75329 | Slime:5  | Identified the +4 flail of Wu Jian's Envy {freeze, rElec
                  | rN+++ Will- Str-4}
 76023 | Lair:1   | Learned a level 8 spell: Summon Horrible Things
 76330 | Lair:1   | Lost mutation: You are weak. (Str -2) [potion of mutation]
 76330 | Lair:1   | Lost mutation: You are very dopey. (Int -4) [potion of
                  | mutation]
 76330 | Lair:1   | Gained mutation: You are clumsy. (Dex -2) [potion of
                  | mutation]
 76331 | Lair:1   | Lost mutation: Potions are less effective at restoring your
                  | health. [potion of mutation]
 76331 | Lair:1   | Lost mutation: You are clumsy. (Dex -2) [potion of
                  | mutation]
 76331 | Lair:1   | Gained mutation: You have hidden genetic defects. [potion
                  | of mutation]
 76331 | Lair:1   | Lost mutation: You are dopey. (Int -2) [potion of mutation]
 76332 | Lair:1   | Lost mutation: You have hidden genetic defects. [potion of
                  | mutation]
 76332 | Lair:1   | Lost mutation: You sometimes lose your temper in combat.
                  | [potion of mutation]
 76332 | Lair:1   | Gained mutation: You are covered in fur. (AC +1) [potion of
                  | mutation]
 76332 | Lair:1   | Gained mutation: You are weak. (Str -2) [potion of
                  | mutation]
 76596 | Zot:1    | Entered Level 1 of the Realm of Zot
 76613 | Zot:1    | Killed from afar by a quicksilver dragon

Illustrated notes

Levels and vault maps discovered:
D:1:      psy_arrival_statuary, layout_rooms, basic_ecumenical_altar,
          serial_park_tiny_2
D:2:      layout_basic
D:3:      layout_basic, fedhas_ov_isle_minmay, nicolae_wu_jian_glorious_leap,
          tso_oasis_becter, zin_scriptorium
D:4:      layout_gridville, mainiacjoe_overflow_brackets, minmay_three_crescents
D:5:      layout_basic, cheibrodos_sewer_entry_sluice
D:6:      layout_loops_corners, nicolae_gozag_zags_fifth_avenue, temple_green,
          minmay_curled_crystal, grunt_tough_drop
D:7:      wad_crossroads, layout_loops_corners, mainiacjoe_overflow_paths,
          enter_ossuary_2
D:8:      layout_cave_pools, nicolae_overflow_crystal_walls,
          mainiacjoe_overflow_small_starburst, hellmonk_ghost_happy_afterlife,
          grunt_ministairs_3, blue_anna_alchemist
D:9:      layout_stronghold, erik_lair_island, hangedman_feature_mirror,
          st_stairs_5, amethyst_killhole
D:10:     layout_gridville, mainiacjoe_overflow_surrounded_room
D:11:     layout_stronghold, serial_shops, kennysheep_little_box, uniq_harold
D:12:     layout_stronghold, orc_0_dummy, minmay_fractal_squares_5, uniq_psyche,
          uniq_erolcha
D:13:     layout_long_grid, gammafunk_ghost_arena, kennysheep_cluttered_room,
          uniq_jorgrun
D:14:     layout_roguey, grunt_vaults_entry_tiered, infiniplex_staircase_spiral
D:15:     gammafunk_enter_depths_forms, layout_cave_pods,
          portal_ice_cave_entry_pillars_three
Temple:   nicolae_temple_bog_church
Lair:1:   layout_regular_city, infiniplex_staircase_pool
Lair:2:   layout_big_grid, minivault_11, grunt_megastairs_4,
          infiniplex_staircase_pool_2, uniq_gastronok
Lair:3:   layout_misc_corridors, minmay_shoals_entry_hut,
          guppyfry_snake_entry_garden, st_stairs_13, uniq_urug
Lair:4:   layout_cave_pods, slime_entry_2, uniq_rupert, uniq_sonja
Lair:5:   guppyfry_lair_end_dragon, layout_cellular_growth, disabler_island,
          serial_bayou_shore_a
Shoals:1: layout_shoals, uniq_josephine
Shoals:2: layout_shoals, nicolae_shoals_arrival_archipelago
Shoals:3: nicolae_shoals_mermall, layout_shoals,
          gammafunk_ghost_wrathful_warriors, serial_shops,
          nicolae_shop_statue_plus
Shoals:4: shoals_end_hellmonk_storm_palace [storm_palace_center_circular,
          storm_palace_corner_narrow, storm_palace_corner_narrow,
          storm_palace_corner_grid, storm_palace_corner_narrow], uniq_polyphemus
Snake:1:  layout_onion, st_stairs_7, nicolae_snake_snakes_in_the_grass,
          grunt_megastairs_3, minmay_shoptagon
Snake:2:  layout_chambers, serial_bayou_shore_b
Snake:3:  layout_gridlike, serial_shops, shop_fountains,
          hangedman_snake_corridor_split, grunt_megastairs_5, lemuel_fruit_tree
Snake:4:  snake_pit, layout_gridlike, uniq_donald
Slime:1:  layout_caves, basic_altar
Slime:2:  layout_caves
Slime:3:  layout_caves
Slime:4:  layout_caves, dissolution_awaits
Slime:5
Orc:1:    layout_caves, bloody_makhleb, uniq_maurice
Orc:2:    st_orc_open, layout_diamond_mine
Elf:1:    eino_elf_arrival_customs, layout_geoelf_octagon, serial_shops,
          nicolae_square_shop, minmay_elf_annihilation,
          nicolae_shop_sticking_my_neck_out
Elf:2:    elven_hall_of_blades_hangedman_original
          [nicolae_blade_entry_splitting_headache], layout_geoelf_diagonals,
          ebering_ghost_reflecting_pool
Elf:3:    minmay_elf_hall_quartered_circle, layout_geoelf_octagon,
          gammafunk_ghost_tricky_traps, minivault_15, uniq_mara
Vaults:1: ontoclasm_vaults_chip, dpeg_vaults_pockets_of_resistance,
          vaults_room_door_ring, v_misc_2, vaults_mumra_hexcomb, v_misc_32,
          hangedman_vaults_stagger, nicolae_vaults_yaktaur_gun_rack, v_misc_15,
          vaults_room_grid, nicolae_vaults_little_squares_2,
          layout_vaults_maze_bifur, nicolae_trove_entry_crossroad, serial_shops,
          shop, uniq_nikola, uniq_zenata
Vaults:2: nicolae_vaults_circle_grid_b, vaults_mumra_minichess_inversion,
          ontoclasm_vaults_pinch, v_rooms_2, vaults_mumra_chevron_long,
          ontoclasm_vaults_idyll, nicolae_vaults_network_quinsquares
          [nicolae_vaults_network_quincunx_subvault,
          nicolae_vaults_network_quincunx_subvault,
          nicolae_vaults_network_quincunx_subvault,
          nicolae_vaults_network_quincunx_subvault], nicolae_vaults_asterisk,
          nicolae_vaults_three_branches, hangedman_vaults_nails, v_misc_29,
          layout_vaults_ring, minmay_crypt_entry_necro_gods, uniq_bai_suzhen
Vaults:3: nicolae_vaults_asterisk, nicolae_vaults_windows_and_doors_thing,
          v_rooms_4, nicolae_vaults_branching_niches, hangedman_vaults_pinch,
          hangedman_vaults_capsules, hangedman_vaults_restitches, v_misc_10,
          nicolae_vaults_little_squares_1, vaults_dpeg_diagonal,
          layout_vaults_omnicross, uniq_asterion
Vaults:4: nicolae_vaults_stairing_the_circle, v_misc_2,
          nicolae_vaults_triangles, nicolae_vaults_what_the_h,
          nicolae_vaults_specimen_jars, vaults_room_corners,
          hangedman_vaults_variations, ontoclasm_vaults_gallery,
          grunt_vaults_hallway_short, vaults_room_pools, layout_vaults_big_room,
          serial_shops, nicolae_shop_stone
Vaults:5: serial_shops
Crypt:1:  layout_gridlike, uniq_jory, uniq_frederick, uniq_saint_roka,
          uniq_mennas
Crypt:2:  layout_chaotic_city, uniq_grunn, uniq_margery, uniq_boris
Crypt:3:  due_elkab, layout_chaotic_city, tomb_entry_forgotten_bobbens
Depths:1: layout_roguey, grunt_hell_entry_demonic_statue, serial_shops, shop,
          kennysheep_another_room, nicolae_qazlal_eye_of_the_storm
Depths:2: hangedman_cross_veins, layout_honeycomb, serial_shops,
          nicolae_take_the_stairs, pf_coc_iceberg, rand_demon_pan_entry_8,
          nicolae_sextant, kennysheep_generic_room_12
Depths:3: minmay_the_grid_octo_tiled_squarecenter_mashed
          [minmay_the_grid_octo_77, minmay_the_grid_octo_clover,
          minmay_the_grid_octo_vomiting_pacman, minmay_the_grid_octo_concentric,
          minmay_the_grid_square_5x5_megaprize_hollow,
          minmay_the_grid_square_5x5_sharp_hourglass,
          minmay_the_grid_square_5x5_half_checkered,
          minmay_the_grid_square_5x5_shuriken,
          minmay_the_grid_square_5x5_n_small], layout_basic, enter_ziggurat_a,
          minmay_room_of_horrors, rand_demon_pan_entry_9, hangedman_geh_valley,
          grunt_ministairs_6, minmay_misc_feat_iff, minmay_staircase_statues,
          firewood_loft
Depths:4: evilmike_zot_entry_round, layout_basic, hangedman_tar_grid_catacomb,
          ashenzari_conservatory_becter, grunt_megastairs_2,
          serial_bayou_shore_b
Zot:1:    nicolae_zot_draconian_monastery, layout_twisted_circle

Skill      XL: |  1  2  3  4  5  6  7  8  9 10 11 12 13 14 15 16 17 18 19 20 21 22 23 24 25 26 27 |
---------------+----------------------------------------------------------------------------------+-----
Poison Magic   | 2 3 4 6 |  6.1
Transmutations | 3 4 5 7 8 10 11 12 13 14 15 16 17 18 19 20 21 22 23 | 23.0
Unarmed Combat | 4 5 6 7 9 10 11 12 13 14 15 16 17 18 19 20 21 22 23 24 | 24.1
Spellcasting   | 3 4 6 8 9 11 13 | 13.7
Ice Magic      | 1 2 4 6 7 9 10 | 10.1
Summonings     | 1 4 6 8 10 11 12 14 15 | 15.4
Fighting       | 2 6 8 10 11 12 14 15 16 17 18 19 20 21 22 | 22.1
Hexes          | 4 6 |  6.1
Dodging        | 4 7 9 |  9.6
Earth Magic    | 3 7 10 12 | 12.2

Action                   |  1- 3 |  4- 6 |  7- 9 | 10-12 | 13-15 | 16-18 | 19-21 | 22-24 | 25-27 || total
-------------------------+-------+-------+-------+-------+-------+-------+-------+-------+-------++-------
Melee: Unarmed           |    84 |    75 |   281 |   421 |   608 |   701 |   761 |   945 |   684 ||  4560
       Constrict         |    26 |     5 |     8 |     1 |     2 |     2 |     3 |   138 |    83 ||   268
       Kick              |    27 |     3 |     4 |       |     1 |       |       |       |       ||    35
       Tentacles         |    15 |     5 |     5 |     1 |     5 |     1 |     3 |   282 |   179 ||   496
       Short sword       |       |       |    26 |     3 |     9 |     3 |     8 |     9 |       ||    58
       Punch             |       |       |       |       |    14 |    74 |    97 |   221 |   150 ||   556
       Tailslap          |       |       |       |       |    26 |   137 |   135 |    27 |       ||   325
       Bite              |       |       |       |       |    16 |    90 |    84 |    19 |       ||   209
Throw: Dart              |     3 |     6 |     1 |       |     1 |       |       |       |       ||    11
       Throwing net      |     1 |     1 |       |       |       |       |       |       |       ||     2
 Cast: Beastly Appendage |    35 |     9 |     4 |       |     1 |       |       |       |       ||    49
       Spider Form       |       |     8 |    16 |       |       |       |       |       |       ||    24
       Wereblood         |       |     4 |    15 |    18 |    25 |    31 |    30 |    44 |    36 ||   203
       Ice Form          |       |       |    24 |    49 |    53 |     3 |     1 |       |       ||   130
       Summon Ice Beast  |       |       |       |    37 |    63 |     8 |     2 |     1 |       ||   111
       Frozen Ramparts   |       |       |       |    25 |    69 |    20 |    15 |     2 |       ||   131
       Dragon Form       |       |       |       |       |    22 |    74 |    70 |    12 |       ||   178
       Summon Mana Viper |       |       |       |       |       |       |     4 |       |     5 ||     9
       Summon Cactus Gia |       |       |       |       |       |       |    10 |    52 |    35 ||    97
       Irradiate         |       |       |       |       |       |       |     1 |     1 |       ||     2
       Statue Form       |       |       |       |       |       |       |       |    66 |    71 ||   137
       Monstrous Menager |       |       |       |       |       |       |       |     6 |    15 ||    21
       Ignite Poison     |       |       |       |       |       |       |       |       |    11 ||    11
       Eringya's Noxious |       |       |       |       |       |       |       |       |     7 ||     7
Invok: Curse Item        |       |       |       |     2 |     2 |     1 |     1 |     1 |     1 ||     8
 Abil: Breathe Fire      |       |       |       |       |     7 |     5 |     7 |     1 |       ||    20
       End Transformatio |       |       |       |       |       |     1 |       |       |       ||     1
Evoke: Wand              |       |     2 |     6 |    25 |    39 |    19 |     9 |     3 |     1 ||   104
       Tin of tremorston |       |       |       |     1 |     5 |       |     3 |     1 |     3 ||    13
       Lightning rod     |       |       |       |       |       |     6 |     4 |       |       ||    10
       Phantom mirror    |       |       |       |       |       |       |     1 |     2 |     1 ||     4
  Use: Scroll            |       |     7 |     5 |     6 |     2 |     5 |     1 |     8 |    10 ||    44
       Potion            |       |     1 |     1 |     2 |     6 |     5 |     1 |     3 |     8 ||    27
 Stab: Sleeping          |     2 |       |     4 |     1 |     1 |       |       |     7 |     4 ||    19
       Paralysed         |       |     5 |     5 |    22 |     7 |     1 |       |       |       ||    40
       Invisible         |       |       |       |     4 |     5 |     3 |     1 |     1 |       ||    14
       Distracted        |       |       |       |     3 |     5 |       |     1 |     1 |     5 ||    15
       Petrified         |       |       |       |       |       |     6 |       |       |       ||     6
Armor: Skin              |     5 |     2 |    49 |   117 |   216 |   295 |   239 |   391 |   328 ||  1642
Dodge: Dodged            |    38 |    62 |   174 |   223 |   315 |   380 |   334 |  1091 |   821 ||  3438
Block: Other             |       |       |       |       |    51 |       |       |       |       ||    51
       Reflection        |       |       |       |       |     2 |       |       |       |       ||     2

Table legend: (Time is in decaauts)
 A = Elapsed time spent in this place.
 B = Non-inter-level travel time spent in this place.
 C = Inter-level travel time spent in this place.
 D = Time resting spent in this place.
 E = Time spent auto-exploring this place.
 F = Levels seen in this place.
 G = Mean time per level.
                   A        B        C        D        E       F      G
               +--------+--------+--------+--------+--------+-----+--------+
         Total |  79042 |  72296 |   6746 |  12723 |  40327 |  56 | 1411.5 |
       Dungeon |  22911 |  19935 |   2976 |   3044 |  13652 |  15 | 1527.4 |
        Temple |    164 |    136 |     28 |      0 |    125 |   1 |  164.0 |
          Lair |   9298 |   8539 |    759 |   1684 |   4900 |   5 | 1859.6 |
        Shoals |   4401 |   4081 |    320 |   1552 |    549 |   4 | 1100.2 |
     Snake Pit |   7763 |   7433 |    330 |   1494 |   4479 |   4 | 1940.8 |
    Slime Pits |   2048 |   1906 |    142 |    292 |    628 |   5 |  409.6 |
  Orcish Mines |   1975 |   1531 |    444 |     87 |    896 |   2 |  987.5 |
   Elven Halls |   5664 |   5271 |    393 |   1266 |   2506 |   3 | 1888.0 |
        Vaults |  10953 |  10244 |    709 |    834 |   5974 |   5 | 2190.6 |
         Crypt |   5022 |   4764 |    258 |    650 |   2642 |   3 | 1674.0 |
        Depths |   7187 |   6804 |    383 |   1428 |   3601 |   4 | 1796.8 |
           Zot |     17 |     17 |      0 |      0 |      0 |   1 |   17.0 |
         Abyss |    264 |    264 |      0 |     14 |      0 |   1 |  264.0 |
         Trove |    263 |    263 |      0 |     58 |      0 |   1 |  263.0 |
         Sewer |    801 |    801 |      0 |    190 |    270 |   1 |  801.0 |
       Ossuary |    303 |    303 |      0 |    129 |    104 |   1 |  303.0 |
               +--------+--------+--------+--------+--------+-----+--------+

Top non-repeatable levels by time:
   Elf:3: 2553 daAuts
     D:9: 2521 daAuts
 Crypt:3: 2515 daAuts
Vaults:1: 2500 daAuts
 Snake:3: 2490 daAuts
Vaults:3: 2367 daAuts
  Lair:3: 2229 daAuts
Vaults:4: 2181 daAuts
Vaults:2: 2115 daAuts
   Elf:2: 2113 daAuts
    D:15: 2053 daAuts
     D:7: 1990 daAuts
  Lair:5: 1972 daAuts
Depths:3: 1972 daAuts
    D:12: 1964 daAuts
